 Dungeon Crawl Stone Soup version 0.13.1-20-gf50ca03 (webtiles) character file.

449 Kae the Ruffian (level 5, -6/40 HPs)
             Began as a Draconian Transmuter on Dec 31, 2013.
             Was an Initiate of Sif Muna.
             Killed from afar by an orc wizard (10 damage)
             ... with a puff of flame
             ... on Level 4 of the Dungeon.
             The game lasted 00:03:46 (3599 turns).

Kae the Ruffian (Draconian Transmuter)              Turns: 3599, Time: 00:03:49

HP  -6/40        AC  5     Str 13      XL: 5   Next: 53%
MP   0/7         EV 12     Int 13      God: Sif Muna [......]
Gold 244         SH  0     Dex 12      Spells:  1 memorised,  7 levels left

Res.Fire  : . . .   See Invis. : .   u - +1 orc falchion
Res.Cold  : . . .   Warding    : .   (armour unavailable)
Life Prot.: . . .   Conserve   : .   (no shield)
Res.Poison: .       Res.Corr.  : .   (helmet restricted)
Res.Elec. : .       Clarity    : .   (no cloak)
Sust.Abil.: . .     Spirit.Shd : +   (no gloves)
Res.Mut.  : .       Stasis     : .   (no boots)
Res.Rott. : .       Flight     : .   q - amulet of guardian spirit
Saprovore : . . .                    (no ring)
                                     (no ring)

@: appendage, mildly poisoned, slightly resistant to hostile enchantments,
unstealthy
A: unfitting armour, horns 2, AC +5
a: End Transformation, Renounce Religion


You were on level 4 of the Dungeon.
You worshipped Sif Muna.
Sif Muna was noncommittal.
You were not hungry.
You had grown temporary horns.
You visited 1 branch of the dungeon, and saw 4 of its levels.

You collected 224 gold pieces.

Inventory:

Hand weapons
 u - a +1,+1 orcish falchion (weapon)
Missiles
 b - 26 arrows
 o - 18 arrows of frost
Comestibles
 a - 5 bread rations
 f - 2 meat rations
 g - a beef jerky
 p - a lemon
 r - an apple
 z - a chunk of orc flesh
Scrolls
 c - 2 scrolls of remove curse {unknown}
 e - a scroll of enchant weapon I {unknown}
 h - a scroll of enchant armour {unknown}
 n - a scroll of noise {unknown}
 v - a scroll of identify {unknown}
 y - a scroll of fog {unknown}
Jewellery
 l - an uncursed amulet of resist corrosion {unknown}
 q - an amulet of guardian spirit (around neck)
Potions
 i - a potion of speed {unknown}
 j - 2 potions of poison
 k - a potion of degeneration {unknown}
 m - 2 potions of heal wounds {unknown}
 s - a potion of paralysis {unknown}
 t - 2 potions of curing {unknown}
 x - a potion of brilliance {unknown}
 A - a potion of slowing {unknown}
Books
 d - a book of Changes

   Spells                             Type                      Level
   *Beastly Appendage                 Transmutation                1
   Sticks to Snakes                   Transmutation                2
   Spider Form                        Transmutation/Poison         3
   Ice Form                           Ice/Transmutation            4
   Blade Hands                        Transmutation                5
 w - a book of War Chants

   Spells                             Type                      Level
   Fire Brand                         Charms/Fire                  2
   Freezing Aura                      Charms/Ice                   2
   Shroud of Golubria                 Charms/Translocation         2
   Repel Missiles                     Charms/Air                   2
   Poison Weapon                      Charms/Poison                3
   Regeneration                       Charms/Necromancy            3


   Skills:
 - Level 1.1 Fighting
 - Level 1.7 Dodging
 * Level 5.5 Unarmed Combat
 - Level 2.0 Spellcasting
 + Level 3.6 Transmutations


You had 7 spell levels left.
You knew the following spells:

 Your Spells              Type           Power        Failure   Level  Hunger
a - Beastly Appendage     Trmt           ##....       8%          1    ##.....


Dungeon Overview and Level Annotations

Branches:
Dungeon (4/27)
 Temple: D:4-7

Altars:
Sif Muna
Trog


Innate Abilities, Weirdness & Mutations

Your plain brown scales are hard (AC +5).
Your body does not fit into most forms of armour.
Your cold-blooded metabolism reacts poorly to cold.
You have a pair of horns on your head.


Message History

You grow a pair of large bovine horns.
The orc wizard casts a spell.
The orc wizard flickers and vanishes!
Deactivating autopickup; reactivate with Ctrl-A.
You hear some strange, mumbled words.
The puff of flame hits you!
* * * LOW HITPOINT WARNING * * *
You barely miss it. It hits you.
* * * LOW HITPOINT WARNING * * *
You closely miss it. You punch it. It hits you!
* * * LOW HITPOINT WARNING * * *
Drink which item? (? for menu, Esc to quit)
That liquid tasted very nasty...
You are poisoned.
It was a potion of poison.
* * * LOW HITPOINT WARNING * * *
You feel sick.
You feel a little better.
You hear some strange, mumbled words.
The puff of flame hits you!
You die...

#.....{..# #######'##
#)).# .# ###)### #.#
#..)..# #####'########
#.....# #...........#.
#.....####...........'.
#.....#..'...........##
#.....@.##...........#
#.....####...........#
#.....# #...........#
#.....# #...........#
###'### ###'#########
#. #.. #. ###.
####+######
#.........##


There were no monsters in sight!

Vanquished Creatures
  A worker ant (D:4)
  Terence (D:3)
  7 adders
  4 giant geckos
  2 oozes
  12 orcs
  A bat skeleton (D:4)
  7 giant cockroaches
  9 goblins
  8 hobgoblins
  3 quokkas
  7 bats
  4 giant newts
  15 kobolds
  A kobold skeleton (D:4)
  11 rats
93 creatures vanquished.

Notes
Turn   | Place    | Note
--------------------------------------------------------------
     0 | D:1      | Kae, the Draconian Transmuter, began the quest for the Orb.
     0 | D:1      | Reached XP level 1. HP: 16/16 MP: 1/1
   231 | D:1      | Reached XP level 2. HP: 14/23 MP: 3/3
   786 | D:2      | Reached XP level 3. HP: 10/28 MP: 2/4
  1019 | D:2      | Reached skill level 4 in Unarmed Combat
  1051 | D:2      | Found a bloodstained altar of Trog.
  1055 | D:2      | Found a deep blue altar of Sif Muna.
  1078 | D:2      | Became a worshipper of Sif Muna the Loreminder
  1322 | D:2      | Reached XP level 4. HP: 27/35 MP: 6/6
  2256 | D:3      | Noticed Terence
  2272 | D:3      | Killed Terence
  2272 | D:3      | Reached skill level 5 in Unarmed Combat
  2635 | D:3      | Reached XP level 5. HP: 11/40 MP: 4/7
  3599 | D:4      | Killed from afar by an orc wizard

Action                   |  1- 3 |  4- 6 || total
-------------------------+-------+-------++-------
Melee: Unarmed           |   173 |    63 ||   236
       Falchion          |       |   165 ||   165
 Cast: Beastly Appendage |     1 |     7 ||     8
  Use: Scroll            |     4 |       ||     4
       Potion            |       |     1 ||     1
 Stab: Sleeping          |     1 |     1 ||     2
